 Dungeon Crawl Stone Soup version 0.18.1-51-gd549091e01 (webtiles) character file.

975 magog001 the Covered (level 7, 0/62 HPs)
             Began as a Minotaur Fighter on Feb 20, 2021.
             Slain by magog001's ghost (8 damage)
             ... on level 5 of the Dungeon.
             The game lasted 00:24:48 (5598 turns).

magog001 the Covered (Minotaur Fighter)             Turns: 5598, Time: 00:24:49

Health: 0/62       AC:  9    Str: 22    XL:     7   Next: 95%
Magic:  6/6        EV:  8    Int:  5    God:
Gold:   195        SH: 12    Dex:  8    Spells: 0 memorised, 6 levels left

rFire  . . .     SeeInvis .     p - +3 short sword (vamp)
rCold  . . .     Gourm    .     b - +0 scale mail
rNeg   . . .     Faith    .     c - +2 shield
rPois  .         Spirit   .     (helmet restricted)
rElec  .         Dismiss  .     (no cloak)
rCorr  .         Reflect  .     (no gloves)
SustAt .         Harm     .     (no boots)
MR     .....                    (no amulet)
Stlth  ..........               (no ring)
                                e - ring of flight

@: very slightly contaminated, hasted, very quick, not resistant to hostile
enchantments, extremely unstealthy
A: retaliatory headbutt, hooves 1, horns 2, molten scales 1, clumsy 1
a: Evoke Flight


You were on level 5 of the Dungeon.
You were not hungry.

You visited 2 branches of the dungeon, and saw 6 of its levels.

You collected 195 gold pieces.

Inventory:

Hand Weapons
 a - a +0 war axe
 m - a cursed -3 spear
 n - a +0 spear of flaming
 p - a +3 vampiric short sword (weapon)
 q - a +2 dagger of electrocution
 s - a +3 dagger
 C - a +0 hunting sling
 E - a +2 dagger of chaos
Missiles
 x - 28 poisoned needles
 y - 32 sling bullets
 z - 63 stones (quivered)
Armour
 b - a +0 scale mail (worn)
 c - a +2 shield (worn)
 d - a +2 helmet of see invisible
 j - a +1 leather armour of cold resistance
 r - a +0 buckler
Rods
 o - a +0 rod of ignition (11/11)
   (You found it on level 5 of the Dungeon)
Jewellery
 e - a ring of flight (left hand)
Wands
 B - a wand of hasting (5/9)
 D - a wand of polymorph (15/24)
Scrolls
 f - a scroll of blinking
 h - 2 scrolls of immolation
 u - a scroll of fear
 v - a scroll of amnesia
 w - a scroll of remove curse
Potions
 g - a potion of mutation
 t - a potion of flight {unknown}
 A - a potion of magic {unknown}
Comestibles
 i - a bread ration


   Skills:
 * Level 5.9 Fighting
 * Level 2.5 Short Blades
 - Level 3.7 Axes
 * Level 7.4 Armour
 + Level 1.3 Stealth
 * Level 6.7 Shields
 + Level 0.1 Evocations


You had 6 spell levels left.
You didn't know any spells.

Dungeon Overview and Level Annotations

Branches:
Dungeon (5/15)             Temple (1/1) D:4

Altars:
Dithmenos
Gozag
Kikubaaqudgha
Makhleb
Qazlal
Ru
Xom
Yredelemnul
Zin
The Shining One

Annotations:
D:5 magog001's ghost, novice MiFi


Innate Abilities, Weirdness & Mutations

You reflexively headbutt those who attack you in melee.
You have a pair of horns on your head.
You have large cloven feet.
You are partially covered in molten scales (AC +1).
You are clumsy. (Dex -2)


Message History

Magog001's ghost hits you but does no damage.
You hit magog001's ghost.
You headbutt magog001's ghost, but do no damage.
Magog001's ghost is almost destroyed.
You block magog001's ghost's attack.
You hit magog001's ghost.
You headbutt magog001's ghost, but do no damage.
Magog001's ghost is almost destroyed.
You hit magog001's ghost.
You kick magog001's ghost, but do no damage.
Your headbutt misses magog001's ghost.
Magog001's ghost is almost destroyed.
Magog001's ghost hits you!
* * * LOW HITPOINT WARNING * * *
You hit magog001's ghost.
You kick magog001's ghost, but do no damage.
You headbutt magog001's ghost.
Magog001's ghost is almost destroyed.
Magog001's ghost hits you!
You die...

#.....#.............#...<..
#.....#.............#......
#.....#.............'......
#.....#.............#......
#....#..####+####...#......
#.#####.........#...#......
## #.........#####......
#....................
#...@W...............
#....................
#................>...
#....................
#..............######
#..............#.....
#.........######.....
#.........#..........
#.........#..........


You could see magog001's ghost.

Vanquished Creatures
  Eustachio (D:4)
  The ghost of magog001 the Skirmisher, an amateur DrFi (D:3)
  A phantom (D:5)
  An ogre (D:4)
  A scorpion (D:5)
  2 crimson imps
  2 hounds (D:4)
  An orc priest (D:4)
  3 orc wizards (D:4)
  A gnoll shaman (D:4)
  A worker ant (D:5)
  A worker ant zombie (D:5)
  5 gnolls (D:4)
  6 adders
  A shadow imp (D:5)
  3 oozes
  An adder skeleton (D:5)
  A worm (D:3)
  3 dart slugs
  2 giant geckos
  11 orcs
  3 giant cockroaches
  13 goblins
  5 hobgoblins
  4 jackals (D:4)
  8 kobolds
  A quokka (D:4)
  3 ball pythons
  3 bats
  5 giant newts
  A jackal skeleton (D:4)
  6 rats
  2 rat zombies (D:4)
  2 bushes (D:3)
105 creatures vanquished.

Notes
Turn   | Place    | Note
--------------------------------------------------------------
     0 | D:1      | magog001 the Minotaur Fighter began the quest for the Orb.
     0 | D:1      | Reached XP level 1. HP: 19/19 MP: 0/0
     5 | D:1      | Noticed a minotaur zombie
    17 | D:1      | Noticed a merfolk zombie
    19 | D:1      | Noticed a merfolk zombie
   119 | D:1      | Reached XP level 2. HP: 27/27 MP: 1/1
   212 | D:1      | Reached skill level 4 in Armour
   511 | D:2      | Reached XP level 3. HP: 31/33 MP: 2/2
  1302 | D:2      | Reached XP level 4. HP: 40/40 MP: 3/3
  1423 | D:3      | Noticed magog001's ghost (amateur DrFi)
  1471 | D:3      | Killed magog001's ghost
  1471 | D:3      | Reached skill level 5 in Armour
  1471 | D:3      | Reached XP level 5. HP: 10/47 MP: 4/4
  2348 | D:3      | Found a shimmering altar of Xom.
  2348 | D:3      | Found a burning altar of Makhleb.
  2354 | D:3      | Reached skill level 1 in Stealth
  2354 | D:3      | Reached skill level 5 in Shields
  2455 | D:4      | Noticed Eustachio
  2804 | D:4      | Noticed an ogre
  2815 | D:4      | Reached XP level 6. HP: 51/55 MP: 5/5
  2827 | D:4      | Reached skill level 5 in Fighting
  2830 | D:4      | Reached skill level 1 in Short Blades
  3087 | D:4      | Found a staircase to the Ecumenical Temple.
  3098 | Temple   | Entered the Ecumenical Temple
  3326 | D:4      | Found an ancient bone altar of Kikubaaqudgha.
  3497 | D:4      | Killed Eustachio
  3497 | D:4      | Reached skill level 6 in Armour
  3497 | D:4      | Reached XP level 7. HP: 57/61 MP: 6/6
  4464 | D:5      | Entered Level 5 of the Dungeon
  4519 | D:5      | Identified a +0 rod of ignition (11/11) (You found it on level 5 of the Dungeon)
  4713 | D:5      | Noticed magog001's ghost (novice MiFi)
  4725 | D:5      | Gained mutation: You have large cloven feet. [potion of mutation]
  4725 | D:5      | Gained mutation: You are partially covered in molten scales (AC +1). [potion of mutation]
  4725 | D:5      | Gained mutation: You are clumsy. (Dex -2) [potion of mutation]
  5206 | D:5      | Found a shadowy altar of Dithmenos.
  5275 | D:5      | Reached skill level 7 in Armour
  5598 | D:5      | Slain by magog001's ghost

Skill      XL: |  1  2  3  4  5  6  7 |
---------------+----------------------+-----
Shields        | 4 5 6 |  6.7
Armour         | 4 5 6 7 |  7.4
Fighting       | 4 5 |  5.9
Axes           | 3 |  3.7
Stealth        | 1 |  1.3
Short Blades   | 1 2 |  2.5
Evocations     | |  0.1

Action                   |  1- 3 |  4- 6 |  7- 9 || total
-------------------------+-------+-------+-------++-------
Melee: War axe           |    82 |   163 |       ||   245
       Headbutt          |    11 |    62 |    48 ||   121
       Short sword       |       |    64 |   181 ||   245
       Kick              |       |       |    31 ||    31
Evoke: Wand              |       |       |     4 ||     4
  Use: Potion            |       |     4 |     1 ||     5
       Scroll            |       |    10 |     3 ||    13
  Eat: Meat ration       |     1 |     1 |       ||     2
       Chunk             |       |     3 |     1 ||     4
       Bread ration      |       |       |     1 ||     1
       Pizza             |       |       |     1 ||     1
       Beef jerky        |       |       |     1 ||     1
Armor: Scale mail        |    34 |    55 |    67 ||   156
Dodge: Dodged            |    30 |    57 |    45 ||   132
Block: Shield            |    58 |    87 |   108 ||   253
